 Dungeon Crawl Stone Soup version 0.30.0-5-g1a98f26d00 (webtiles) character file.

Game seed: 9459220049319089879

16596 Pooter the Severer (level 12, -1/110 HPs)
             Began as a Minotaur Berserker on May 8, 2023.
             Was a Priest of Trog.
             Slain by an ettin
             ... wielding a +0 dire flail
              (32 damage)
             ... on level 2 of the Orcish Mines.
             The game lasted 01:06:47 (14908 turns).

Pooter the Severer (Minotaur Berserker)            Turns: 14908, Time: 01:06:47

Health: -1/110     AC: 15    Str: 26    XL:     12   Next: 11%
Magic:  11/11      EV:  7    Int:  4    God:    Trog [***...]
Gold:   66         SH:  5    Dex: 13    Spells: 11/11 levels left

rFire   + . .        a - +5 battleaxe (elec)
rCold   + . .        (shield currently unavailable)
rNeg    . . .        y - +2 plate armour {rPois}
rPois   +            (helmet restricted)
rElec   .            R - scarf {rC+ rF+}
rCorr   .            r - +0 pair of gloves
SInv    +            l - +0 pair of boots
Will    ++...        M - amulet of reflection Stlth
                     e - +2 ring of strength
HPRegen 1.38/turn    S - ring of see invisible
MPRegen 0.12/turn

%: reflection
@: strong-willed, regenerating
A: horns 2, retaliatory headbutt
a: Renounce Religion, Berserk, Trog's Hand


You were on level 2 of the Orcish Mines.
You worshipped Trog.
Trog was most pleased with you.
You visited 2 branches of the dungeon, and saw 13 of its levels.

You collected 818 gold pieces.
You spent 752 gold pieces at shops.

Inventory:

Hand Weapons
 a - a +5 battleaxe of electrocution (weapon)
   (You took it off a wight on level 6 of the Dungeon)
 b - a +0 shortbow
   (You found it on level 3 of the Dungeon)
 i - a +3 dire flail
   (You took it off a two-headed ogre on level 9 of the Dungeon)
 L - a +3 morningstar
   (You took it off a wight on level 8 of the Dungeon)
Missiles
 c - 13 boomerangs (quivered)
 h - 2 datura-tipped darts
 E - 9 poisoned darts
 I - 4 atropa-tipped darts
 K - 2 throwing nets {!f}
 Q - 100 stones
Armour
 l - a +0 pair of boots (worn)
   (You found it on level 2 of the Dungeon)
 r - a +0 pair of gloves (worn)
   (You found it on level 3 of the Dungeon)
 y - a +2 plate armour of poison resistance (worn)
   (You took it off an orc warrior on level 1 of the Orcish Mines)
 R - a scarf of resistance (worn)
   (You found it on level 9 of the Dungeon)
Jewellery
 e - a +2 ring of strength (left hand)
   (You bought it in a shop on level 10 of the Dungeon)
 p - an amulet of faith {!P}
   (You found it on level 2 of the Dungeon)
 C - a ring of flight
   (You bought it in a shop on level 4 of the Dungeon)
 H - an amulet of the acrobat
   (You found it on level 8 of the Dungeon)
 M - an amulet of reflection (around neck)
   (You found it on level 6 of the Dungeon)
 S - a ring of see invisible (right hand)
   (You bought it in a shop on level 6 of the Dungeon)
 T - a +4 ring of protection
   (You found it on level 8 of the Dungeon)
Wands
 f - a wand of flame (14)
   (You bought it in a shop on level 5 of the Dungeon)
 q - a wand of quicksilver (13)
   (You took it off Natasha on level 2 of the Dungeon)
 u - a wand of paralysis (12)
   (You found it on level 8 of the Dungeon)
 v - a wand of roots (23)
   (You found it on level 3 of the Dungeon)
 P - a wand of mindburst (7)
   (You found it on level 9 of the Dungeon)
Scrolls
 d - 2 scrolls of vulnerability {!r}
 k - 3 scrolls of fog
 n - a scroll of butterflies
 t - 3 scrolls of teleportation {@r4}
 A - 4 scrolls of poison {!r}
 G - 2 scrolls of silence
 O - 4 scrolls of immolation {!r}
Potions
 g - 3 potions of heal wounds {@q2}
 j - 2 potions of degeneration {unknown}
 m - 3 potions of mutation {!q}
 o - 5 potions of haste {@q3}
 s - 3 potions of invisibility
 w - 9 potions of curing {@q1}
 x - a potion of lignification {!q}
 z - 2 potions of might
 B - a potion of cancellation {unknown}
 D - a potion of attraction {unknown}
 N - a potion of flight


   Skills:
 + Level 11.3 Fighting
 * Level 15.3 Axes
 * Level 13.6 Ranged Weapons
 - Level 2.4 Armour
 - Level 2.1 Dodging


You had 11 spell levels left.
You didn't know any spells.
Your spell library was empty.

Dungeon Overview and Level Annotations

Branches:
Dungeon (11/15)            Temple (0/1) D:5             Orc (2/2) D:11
   Lair: D:8-11         Elf: Orc:2

Altars:
Dithmenos
Fedhas
Gozag
Kikubaaqudgha
Makhleb
Okawaru
Qazlal
Ru
Xom
Yredelemnul
Zin

Shops:
D:4 ?*[?   D:5 *   D:6 =   D:10 =

Annotations:
D:2 Terence
D:7 2 transporters, sheffield53's ghost, journeyman MiBe
D:8 exclusion: ice statue


Innate Abilities, Weirdness & Mutations

You have a pair of horns on your head.
You reflexively headbutt those who attack you in melee.


Message History

A red film seems to cover your vision as you go berserk!
You feel yourself moving faster!
You feel mighty!
The orc warrior hits you but does no damage.
The troll bites you but does no damage. The troll claws you but does no damage.
The troll claws you!
* * * LOW HITPOINT WARNING * * *
You slice the troll!!
You kill the troll!
Trog accepts your kill.
You slice the orc warrior!!
You kill the orc warrior!
Trog accepts your kill.
You start resting.
You feel a strong urge to attack something.
You start resting.
You feel your anger nearly subside.
You are no longer berserk.
You are exhausted.
You feel yourself slow down.
You start resting.
You feel the effects of Trog's Hand fading.
You start resting.
Your skin stops crawling.
You feel less strong-willed.
You start resting.
You feel yourself speed up.
You start resting.
You recover from your berserk rage.
You start resting.
Things that are here:
a +2 dire flail of protection; a +0 chain mail; an orc corpse
Okay, then.
Unknown command.
Things that are here:
a +2 dagger of venom; a +0 robe Done exploring.
There is a stone staircase leading down, spattered with blood here.
Your skin crawls.
You feel strong-willed.
You can no longer call in reinforcements.
You climb downwards.
The orc priest mumbles some strange prayers to Beogh against you.
Beogh smites you!
The orc wizard hits you but does no damage.
The ettin hits you with a +0 dire flail!
The ettin hits you with a +0 great mace!!!
* * * LOW HITPOINT WARNING * * *
The orc priest miscasts a cantrip.
The ettin completely misses you. You furiously retaliate!
You headbutt the ettin!
The ettin hits you with a +0 great mace!!
You die...

..^....g
....... #
##..... ..
###.....
...#...g..
.........
........##
...To..@C#
......o.#o.....
.....o..# .#o..
..$#.#.## .< .
##.<..# .#
..#.# # ##. # #


You could see an ettin, a troll, an orc warrior, 2 orc priests, an orc wizard, 2
gnolls and an orc.

Vanquished Creatures
  5 two-headed ogres
  A sea snake (shapeshifter) (D:10)
  Pikel (D:5)
  An orc knight (D:11)
  A cyclops (D:10)
  An orc sorcerer (Orc:1)
  An ugly thing (D:10)
  A manticore (D:10)
  Joseph (D:9)
  Maurice (Orc:1)
  A gargoyle (D:10)
  2 unseen horrors (D:9)
  5 unseen horror zombies (D:9)
  2 trolls
  A wraith (D:10)
  2 wyverns
  A shadow (D:10)
  Eustachio (D:5)
  11 yaks
  A steam dragon (D:10)
  A vampire mosquito (D:9)
  Edmund (D:5)
  A warg (Orc:1)
  2 acid dragons (D:10)
  6 orc warriors
  A hornet zombie (D:9)
  5 sky beasts
  4 ogres
  An ice beast (D:8)
  5 centaurs
  2 necrophages (D:9)
  2 scorpions
  A gnoll sergeant (D:10)
  8 wights
  7 killer bees
  5 howler monkeys
  4 jellies
  2 centaur zombies (D:9)
  A hound (D:5)
  A human zombie (D:9)
  2 gnoll boudas
  7 orc priests
  3 iguanas
  A sleepcap (D:6)
  Natasha (thrice) (D:2)
  12 orc wizards
  A howler monkey zombie (D:9)
  9 gnolls
  9 adders
  A white imp (D:7)
  8 ufetubi
  2 worms
  2 dart slugs
  39 orcs
  10 endoplasms
  7 giant cockroaches
  9 goblins
  10 hobgoblins
  3 jackals (D:3)
  7 kobolds
  5 quokkas
  11 ball pythons
  7 bats
  3 frilled lizards
  8 rats
280 creatures vanquished.

Notes
Turn   | Place    | Note
-------+----------+-------------------------------------------
     0 | D:1      | Pooter the Minotaur Berserker began the quest for the Orb.
     0 | D:1      | Reached XP level 1. HP: 19/19 MP: 0/0
   281 | D:1      | Reached skill level 1 in Ranged Weapons
   281 | D:1      | Reached XP level 2. HP: 21/27 MP: 1/1
   323 | D:1      | Reached skill level 4 in Axes
  1129 | D:2      | Reached XP level 3. HP: 33/33 MP: 2/2
  1136 | D:2      | Noticed Terence
  1273 | D:2      | Noticed Natasha
  1276 | D:2      | Killed Natasha
  1277 | D:2      | Reached XP level 4. HP: 37/40 MP: 3/3
  1298 | D:2      | Reached ** piety under Trog
  1545 | D:2      | Noticed Natasha
  1552 | D:2      | Killed Natasha
  1734 | D:2      | Reached skill level 5 in Axes
  2432 | D:2      | Noticed Natasha
  2441 | D:2      | Killed Natasha
  3028 | D:3      | Reached XP level 5. HP: 46/47 MP: 4/4
  3929 | D:4      | Found Oschaung's Antique Armour Boutique.
  3932 | D:4      | Found Ippem's General Store.
  3934 | D:4      | Found Yqiz Qom's Magic Scroll Boutique.
  3935 | D:4      | Found Ateolegh's Magic Scroll Boutique.
  3943 | D:4      | Reached XP level 6. HP: 55/55 MP: 5/5
  3983 | D:4      | Bought a scroll of teleportation for 39 gold pieces
  4003 | D:4      | Bought a scroll of identify for 28 gold pieces
  4003 | D:4      | Bought a scroll of identify for 28 gold pieces
  4003 | D:4      | Bought a scroll of poison for 56 gold pieces
  4003 | D:4      | Bought a scroll of identify for 28 gold pieces
  4130 | D:4      | Reached skill level 5 in Fighting
  4130 | D:4      | Reached skill level 6 in Axes
  4662 | D:4      | Reached XP level 7. HP: 61/61 MP: 6/6
  4665 | D:4      | Reached skill level 7 in Axes
  4665 | D:4      | Reached skill level 5 in Ranged Weapons
  4784 | D:4      | Identified the +2 leather armour of Gravity {rN++ rCorr
                  | Dex-2}
  4999 | D:5      | Entered Level 5 of the Dungeon
  5086 | D:5      | Noticed Pikel
  5097 | D:5      | Killed Pikel
  5098 | D:5      | Reached skill level 8 in Axes
  5098 | D:5      | Reached XP level 8. HP: 71/71 MP: 7/7
  5348 | D:5      | Found a burning altar of Makhleb.
  5398 | D:5      | Found Ryletil's Elemental Accessories.
  5625 | D:5      | Noticed Edmund
  5637 | D:5      | Killed Edmund
  5727 | D:5      | Found a staircase to the Ecumenical Temple.
  5829 | D:5      | Noticed Eustachio
  5833 | D:5      | Killed Eustachio
  5834 | D:5      | Reached skill level 9 in Axes
  6361 | D:6      | Reached XP level 9. HP: 78/79 MP: 8/8
  6563 | D:6      | Found a transporter.
  6669 | D:6      | Found a transporter.
  6674 | D:6      | Found Odyr's Jewellery Emporium.
  6853 | D:6      | Found a glowing silver altar of Zin.
  7152 | D:7      | Noticed sheffield53's ghost (journeyman MiBe)
  7152 | D:7      | Found a transporter.
  7152 | D:7      | Found a transporter.
  7169 | D:7      | Noticed a queen bee
  7259 | D:7      | Reached skill level 10 in Axes
  7437 | D:6      | Bought a ring of see invisible for 180 gold pieces
  7652 | D:7      | You fall into a shaft and drop 2 floors!
  7819 | D:8      | Found an ancient bone altar of Kikubaaqudgha.
  7819 | D:8      | Found a sacrificial altar of Ru.
  8059 | D:7      | Found a blossoming altar of Fedhas.
  8065 | D:7      | Reached *** piety under Trog
  8732 | D:8      | Found a stormy altar of Qazlal.
  8763 | D:8      | Noticed an ice devil
  8764 | D:8      | Noticed an ice devil
  8764 | D:8      | Noticed an ice devil
  8764 | D:8      | Noticed an ice devil
  8768 | D:8      | Noticed an ice devil
  8773 | D:8      | Noticed an ice devil
  8787 | D:8      | Noticed an ice devil
  8848 | D:8      | Noticed an ice statue
  8900 | D:8      | Reached skill level 11 in Axes
  9204 | D:8      | Found a shadowy altar of Dithmenos.
  9457 | D:5      | Bought a wand of flame (14) for 127 gold pieces
  9525 | D:9      | Found an opulent altar of Gozag.
  9697 | D:9      | Noticed Joseph
  9705 | D:9      | Killed Joseph
  9706 | D:9      | Reached skill level 10 in Ranged Weapons
  9706 | D:9      | Reached XP level 10. HP: 90/90 MP: 9/9
  9940 | D:9      | Noticed a two-headed ogre
  9952 | D:9      | Killed a two-headed ogre
 10515 | D:9      | Reached skill level 12 in Axes
 10569 | D:9      | Found a basalt altar of Yredelemnul.
 11049 | D:10     | Entered Level 10 of the Dungeon
 11078 | D:10     | Found an iron altar of Okawaru.
 11102 | D:9      | Reached skill level 13 in Axes
 11263 | D:10     | Noticed a cyan ugly thing
 11276 | D:10     | Killed a cyan ugly thing
 11277 | D:10     | Reached XP level 11. HP: 24/99 MP: 10/10
 11457 | D:9      | Reached skill level 10 in Fighting
 11595 | D:10     | Noticed a two-headed ogre
 11603 | D:10     | Killed a two-headed ogre
 11613 | D:10     | Reached **** piety under Trog
 11619 | D:10     | an ogre changed into an entropy weaver
 11619 | D:10     | Noticed an entropy weaver (shapeshifter)
 12145 | D:10     | Reached skill level 14 in Axes
 12195 | D:10     | Noticed a two-headed ogre
 12320 | D:10     | Killed a two-headed ogre
 12425 | D:10     | an elephant changed into a sea snake
 12425 | D:10     | Noticed a sea snake (shapeshifter)
 12434 | D:10     | Killed a sea snake
 12534 | D:10     | Found Lethriphe's One-of-a-Kind Rings.
 12542 | D:10     | Bought a +2 ring of strength for 39 gold pieces
 12619 | D:10     | Noticed a two-headed ogre
 12626 | D:10     | Killed a two-headed ogre
 13520 | D:10     | Found a shimmering altar of Xom.
 13952 | D:11     | Noticed a death yak
 13989 | D:11     | Found a staircase to the Orcish Mines.
 14014 | Orc:1    | Entered Level 1 of the Orcish Mines
 14014 | Orc:1    | Noticed an orc sorcerer
 14016 | Orc:1    | Noticed an orc knight
 14018 | Orc:1    | Killed an orc sorcerer
 14068 | D:11     | Killed an orc knight
 14110 | Orc:1    | Noticed Maurice
 14115 | Orc:1    | Reached skill level 15 in Axes
 14133 | D:11     | Noticed a two-headed ogre
 14140 | D:11     | Killed a two-headed ogre
 14141 | D:11     | Reached XP level 12. HP: 107/110 MP: 11/11
 14181 | Orc:1    | Killed Maurice
 14208 | Orc:1    | Found a shimmering altar of Xom.
 14502 | D:4      | Bought a ring of flight for 227 gold pieces
 14683 | Orc:2    | Entered Level 2 of the Orcish Mines
 14731 | Orc:2    | Noticed an ettin
 14908 | Orc:2    | Slain by an ettin

Illustrated notes

Levels and vault maps discovered:
D:1:      dpeg_arrival_ratfight, layout_basic, dk_noncrumbling_2,
          minmay_tromino_v4_b
D:2:      layout_loops_cross, uniq_natasha, uniq_terence
D:3:      layout_basic, grunt_decor_cap
D:4:      layout_basic, st_stairs_10, minmay_shop_grid_forest,
          minmay_joined_circles
D:5:      layout_loops_ring, bloody_makhleb, minmay_temple_entry_water_ring,
          grunt_decor_clamped, minmay_misc_feat_tiny, nicolae_elemental_shop,
          uniq_pikel, uniq_edmund, uniq_eustachio
D:6:      layout_cave_pods, zin_statuary, serial_shops, nicolae_shop_drivethru,
          fountainhead
D:7:      layout_loops_ring, mainiacjoe_overflow_small_starburst,
          gammafunk_ghost_hive
D:8:      cheibrodos_frozen_isle, layout_basic, grunt_qazlal_clouds,
          grunt_temple_overflow_open, marbit_many_paths
D:9:      layout_layer_cave, nicolae_gozag_seed_capital,
          lemuel_mausoleum_altar_yredelemnul, uniq_joseph
D:10:     cheibrodos_ideogram_h, layout_small_grid, overflow_temple_1_default,
          kennysheep_mini_moat, enter_bailey_4, serial_park_tiny_1,
          nicolae_shop_unique_rings
D:11:     layout_roguey, dpeg_lair_monsters, david_orc_3, interstate_on_off
Orc:1:    layout_caves, basic_altar, mines2_lemuel, uniq_maurice
Orc:2:    st_orc_rangers, layout_diamond_mine, uniq_jorgrun

Skill      XL: |  1  2  3  4  5  6  7  8  9 10 11 |
---------------+----------------------------------+-----
Ranged Weapons | 1 2 3 4 6 8 10 11 13 | 13.6
Axes           | 4 5 6 8 9 11 13 15 | 15.3
Fighting       | 4 5 6 7 8 9 11 | 11.3
Armour         | |  2.4
Dodging        | |  2.1

Action                     |  1- 3 |  4- 6 |  7- 9 | 10-12 || total
---------------------------+-------+-------+-------+-------++-------
  Melee: Hand axe          |    54 |    71 |       |       ||   125
         Headbutt          |     7 |    17 |    22 |    46 ||    92
         Punch             |     1 |       |       |       ||     1
         War axe           |       |    47 |    64 |       ||   111
         Battleaxe         |       |       |    53 |   199 ||   252
         Trident           |       |       |    13 |       ||    13
   Fire: Sling             |     2 |    20 |       |       ||    22
         Shortbow          |       |    46 |   210 |    35 ||   291
  Throw: Boomerang         |       |     1 |     4 |     2 ||     7
 Invoke: Berserk           |     1 |     4 |     6 |     9 ||    20
         Trog's Hand       |       |     3 |     2 |    13 ||    18
  Evoke: Wand              |       |       |     4 |     3 ||     7
    Use: Scroll            |     1 |     6 |    16 |     4 ||    27
   Stab: Paralysed         |       |       |       |     1 ||     1
 Armour: Ring mail         |     3 |       |       |       ||     3
         Scale mail        |    15 |    40 |       |       ||    55
         Chain mail        |       |    32 |    53 |    68 ||   153
         Plate armour      |       |       |       |    99 ||    99
  Dodge: Dodged            |    21 |    76 |    64 |   110 ||   271
  Block: Other             |       |       |    11 |    62 ||    73
         Reflection        |       |       |     1 |     4 ||     5
